AoeStats
← Vinz Clortho

Black Forest

505144938Analyzed
2v2 RM · 23d ago on Sep 8, 2026· 30m 44s· 4 players
Game mode
Random Map
Map size
Medium (4 player)
Population
200
Speed
Normal
Resources
Standard
Victory
Conquest
Starting age
Dark Age
Ending age
Imperial Age
RankedLock teamsTeams togetherTeam positionsShared explorationLock speedFull tech treeHidden civsTurbo modeCheats
Victory
Defeat
🇵🇪 Ethiopians · Peru
828
+16
🇺🇸 Huns · United States
647
+24
🇺🇸 Bengalis · United States
853
-40
🇺🇸 Burmese · United States
792
-19
Pinhead Larry
13:47 Feudal Age
14:11 Horse Collar
21:02 Castle Age
19:51 Wheelbarrow
20:04 Gold Mining
20:04 Stone Mining
22:07 Heavy Plow
23:40 Gold Shaft Mining
23:18 Forging
26:25 Iron Casting
Vinz Clortho
1:56 Loom
12:39 Feudal Age
14:47 Horse Collar
15:15 Double-Bit Axe
19:15 Wheelbarrow
22:49 Castle Age
22:28 Fletching
22:31 Gold Mining
22:52 Padded Archer Armor
22:58 Scale Barding Armor
23:05 Stone Mining
23:43 Bodkin Arrow
24:34 Leather Archer Armor
26:56 Bow Saw
BenitoCamela
15:28 Feudal Age
16:22 Double-Bit Axe
16:38 Town Watch
20:05 Castle Age
20:15 Scale Barding Armor
22:07 Fletching
26:44 Forging
IshD4ddy
11:06 Feudal Age
9:22 Loom
11:38 Town Watch
12:00 Double-Bit Axe
13:52 Wheelbarrow
13:03 Town Watch
14:08 Horse Collar
22:01 Castle Age
20:51 Fletching
21:03 Padded Archer Armor
22:41 Bloodlines
23:26 Bow Saw
23:20 Heavy Plow
23:38 Hand Cart
26:34 Gold Mining
28:27 Stone Mining
30:29 Gold Shaft Mining
30:46 Ballistics
30:22 Murder Holes
30:48 Masonry
Connection lost

Rejoining the realm…

Still unreachable

The connection could not be restored.

Session expired

The server has moved on; the page needs a fresh start.